Map: Frost LE

Players

Fropez - Winner!

  • Race: Protoss Protoss
  • League: Gold
  • Spawn Location: 7:00

Crosshair

  • Race: Zerg Zerg
  • League: Silver
  • Spawn Location: 1:00

VOD

Have the link to the VOD?

Description

Time

  • Played on: Sept. 22, 2016, 5:10 p.m.
  • Length: 9:27
Show
View Real Time Build Order
Export as new Build Order

Fropez Protoss - Winner!

Build Orders: 1 Gate Expand 

Get SALT Encoding   

  12  0:01  Probe (Chrono Boost)  
  13  0:11  Probe (Chrono Boost)  
  14  0:17  Pylon  
  14  0:22  Probe (Chrono Boost)  
  16  0:35  Probe (Chrono Boost)  
  16  0:40  Gateway  
  16  0:46  Probe (Chrono Boost)  
  17  0:56  Pylon  
  16  1:24  Nexus  
  16  1:26  Probe (Chrono Boost)  
  17  1:36  Cybernetics Core  
  17  1:48  Gateway  
  17  1:55  Gateway  
  17  1:59  Probe (Chrono Boost)  
  18  2:04  Assimilator  
  18  2:08  Assimilator  
  18  2:11  Probe (Chrono Boost)  
  19  2:22  Probe (Chrono Boost)  
  20  2:32  Probe (Chrono Boost)  
  21  2:38  Probe (Chrono Boost)  
  21  2:39  Assimilator  
  21  2:40  Assimilator  
  21  2:42  Warp Gate (Chrono Boost)  
  21  2:43  Probe (Chrono Boost)  
  23  2:49  Probe  
  24  2:58  Mothership Core  
  24  2:59  Probe  
  27  3:06  Pylon  
  27  3:12  Adept  
  29  3:17  Adept  
  31  3:22  Adept  
  31  3:25  Probe  
  34  3:34  Probe  
  34  3:36  Pylon  
  37  3:41  Adept  
  37  3:46  Adept  
  39  3:51  Adept  
  41  4:03  Twilight Council  
  41  4:13  Probe  
  41  4:15  Stargate  
  42  4:26  Pylon  
  42  4:29  Probe  
  42  4:30  Probe  
  44  4:40  Pylon  
  44  4:41  Probe  
  44  4:43  Probe  
  46  4:48  Pylon  
  46  4:52  Probe  
  47  5:01  Gateway  
  41  5:40  Resonating Glaives (Chrono Boost)  
  41  5:45  Gateway x2  
  37  5:52  Gateway  
  37  5:57  Adept x3, Probe  
  37  5:58  Probe  
  37  6:02  Oracle  
  46  6:07  Probe  
  47  6:22  Nexus  
  47  6:23  Pylon  
  47  6:25  Pylon  
  47  6:31  Probe  
  48  6:36  Adept x2  
  48  6:37  Adept x2  
  48  6:38  Probe  
  55  6:55  Probe  
  55  6:56  Probe  
  57  7:04  Adept  
  57  7:05  Adept x4  
  67  7:22  Gateway  
  67  7:23  Probe, Gateway  
  67  7:24  Probe  
  67  7:25  Pylon  
  69  7:52  Probe  
  69  7:54  Probe  
  69  7:55  Adept  
  69  7:56  Adept x5  
  83  8:02  Probe  
  83  8:03  Probe  
  85  8:12  Assimilator  
  85  8:13  Assimilator  
  85  8:16  Robotics Facility  
  85  8:20  Probe  
  85  8:21  Probe, Robotics Facility  
  87  9:03  Adept x2  
  87  9:04  Adept x4  
Show
View Real Time Build Order
Export as new Build Order

Crosshair Zerg 

Build Orders: Pool First 

Get SALT Encoding   

  12  0:01  Drone  
  13  0:13  Overlord  
  13  0:23  Drone  
  14  0:37  Spawning Pool  
  14  0:38  Drone  
  14  0:42  Drone  
  15  0:46  Drone  
  16  0:53  Drone  
  17  0:58  Extractor  
  17  1:00  Drone  
  17  1:13  Overlord  
  17  1:28  Extractor, Queen  
  17  1:30  Drone  
  19  1:34  Drone  
  20  1:42  Drone  
  21  1:53  Drone  
  22  2:15  Lair  
  22  2:19  Drone, Hatchery  
  22  2:23  Drone  
  22  2:27  Drone  
  24  2:43  Evolution Chamber  
  23  2:46  Zergling x4  
  23  2:47  Zergling x2  
  23  2:49  Zergling x2  
  27  2:59  Zergling x2  
  27  3:05  Drone  
  29  3:09  Metabolic Boost  
  29  3:11  Zerg Melee Weapons Level 1  
  29  3:16  Zergling x2  
  30  3:20  Overlord  
  30  3:27  Overlord  
  30  3:35  Spore Crawler  
  29  3:42  Spore Crawler  
  29  3:47  Drone, Spore Crawler  
  28  3:53  Drone  
  29  3:56  Drone  
  29  4:00  Drone  
  31  4:04  Drone  
  31  4:09  Zergling x2  
  33  4:12  Zergling x2  
  33  4:16  Zergling x2  
  35  4:20  Zergling x2  
  36  4:30  Queen  
  38  4:33  Drone  
  38  4:35  Drone  
  40  4:50  Drone x5  
  32  5:24  Zergling x12  
  32  5:25  Zergling x2  
  37  5:33  Spine Crawler  
  37  5:34  Spine Crawler x2  
  34  5:38  Queen  
  31  6:04  Zergling x2  
  31  6:08  Hatchery  
  31  6:21  Zerg Ground Armor Level 1  
  26  6:46  Hydralisk Den  
  25  6:48  Roach Warren  
  24  6:59  Spire  
  22  7:07  Drone  
  22  7:08  Drone x2  
  25  7:10  Drone  
  25  7:14  Drone  
  27  7:35  Drone x4  
  27  7:36  Drone  
  31  7:46  Spore Crawler  
  30  7:52  Spore Crawler  
  30  7:54  Spore Crawler  
  28  8:04  Spore Crawler  
  27  8:06  Drone  
  27  8:08  Drone  
  27  8:11  Drone  
  30  8:15  Drone  
  29  8:42  Mutalisk x2  
  29  8:47  Mutalisk  
  30  8:54  Mutalisk  
Tags
 
Matchup
PvZ
Replay Pack
All Mines
Spawn Locations
Cross Positions
Add a new tag
Caveats
  • Supply blocks, unpowered buildings, or Contaminate may cause inaccurate times.
  • Supply counts are checked every 10 seconds.